 Dungeon Crawl Stone Soup version 0.27-a0-1105-g946c659c87 (webtiles) character file.

Game seed: 6007632616779399698

4 dickylongcocking the Insei (level 1, -1/13 HPs)
             Began as an Octopode Transmuter on Apr 30, 2021.
             Slain by a kobold
             ... wielding a +0 whip
              (5 damage)
             ... on level 1 of the Dungeon.
             The game lasted 00:00:12 (131 turns).

dickylongcocking the Insei (Octopode Transmuter)     Turns: 131, Time: 00:00:12

Health: -1/13      AC:  1    Str:  9    XL:     1   Next: 70%
Magic:  3/3        EV: 13    Int: 15    God:
Gold:   5          SH:  0    Dex: 12    Spells: 3/4 levels left

rFire    . . .     SeeInvis .     - Unarmed
rCold    . . .     Faith    .   (no shield)
rNeg     . . .     Spirit   .   (helmet restricted)
rPois    .         Reflect  .   (no amulet)
rElec    .         Harm     .   (no ring)
rCorr    .         Rampage  .   (no ring)
Will     .....                  (no ring)
Stlth    ++........             (no ring)
HPRegen  0.04/turn              (no ring)
MPRegen  0.08/turn              (no ring)
                                (no ring)
                                (no ring)

@: no status effects
A: almost no armour, amphibious, 8 rings, camouflage 1, gelatinous body 1,
(nimble swimmer 1), tentacles
a: no special abilities


You were on level 1 of the Dungeon.
You visited 1 branch of the dungeon, and saw 1 of its levels.

You collected 5 gold pieces.

You aren't carrying anything.


   Skills:
 - Level 1.0 Fighting
 - Level 2.0 Dodging
 * Level 3.3 Unarmed Combat
 - Level 2.0 Spellcasting
 - Level 2.0 Transmutations


You had 3 spell levels left.
You knew the following spells:

 Your Spells              Type           Power      Damage    Failure   Level
a - Beastly Appendage     Tmut           14%        N/A       10%         1

Your spell library contained the following spells:

 Spells                   Type           Power      Damage    Failure   Level
 Wereblood                Tmut           7%         N/A       14%         2
 Magic Dart               Conj           4%         1d3       22%         1
 Searing Ray              Conj           2%         3d3       32%         2
 Spider Form              Tmut/Pois      2%         N/A       41%         3
 Dazzling Flash           Conj/Hex       2%         N/A       54%         3
 Ice Form                 Ice/Tmut       4%         N/A       82%         4
 Fulminant Prism          Conj/Hex       0%         3d6       91%         4
 Iskenderun's Mystic Bla  Conj/Tloc      1%         2d3       91%         4
 Hydra Form               Tmut           3%         N/A       95%         5


Dungeon Overview and Level Annotations

Branches:
Dungeon (1/15)

Altars:


Innate Abilities, Weirdness & Mutations

You cannot wear most types of armour.
You are amphibious.
You can wear up to eight rings at the same time.
Your skin changes colour to match your surroundings (Stealth+).
Your rubbery body absorbs attacks. (AC +1, EV +1)
((You are camouflaged near water. (Stealth+)))
You have tentacles for arms and can constrict up to eight enemies at once.


Message History

The helpless ball python fails to defend itself.
You tentacle-slap the ball python. You grab the ball python.
The ball python is severely wounded.
You constrict the ball python.
You kill the ball python!
No target in view!
Things that are here:
14 sling bullets; a ball python corpse A ball python and a kobold come into view.
The ball python hisses angrily.
A kobold comes into view. It is wielding a +0 whip.
You barely miss the ball python.
The kobold shouts!
Your grab misses the ball python.
The kobold shouts!
The ball python bites you. The ball python closely misses you.
There are monsters nearby!
You tentacle-slap the ball python.
You kill the ball python!
There are monsters nearby!
The kobold hits you with a +0 whip.
You see here a ball python corpse.
There are monsters nearby!
You tentacle-slap the kobold but do no damage.
You grab the kobold. You constrict the kobold. The kobold closely misses you.
You barely miss the kobold. You squeeze the kobold.
You kill the kobold!
The kobold barely misses you.
You tentacle-slap the kobold but do no damage.
Your grab misses the kobold. Your squeeze misses the kobold.
The kobold closely misses you.
You tentacle-slap the kobold but do no damage.
You grab the kobold.
You constrict the kobold, but do no damage.
The kobold hits you with a +0 whip.
You barely miss the kobold. You squeeze the kobold.
The kobold is moderately wounded.
You constrict the kobold, but do no damage.
The kobold hits you with a +0 whip.
You die...

#.# #.# ### ## #.# #.. ..
#.# ####.###. #.#
#......#. #.# #.##.#.#.
#K# #.##.#.#.
###@########.##.#.#.
#)†.................
.......#.########.##.#.#†
.......#.# #.##.#.#.
.......#.# #.##.#.#.
.......#.########.##.#.#.
.......#..(.......##.#.#.
.......#######...###.#.#.
....... ......# #.#.#.


You could see a kobold.

Vanquished Creatures
  A kobold (D:1)
  3 ball pythons (D:1)
  A bat (D:1)
5 creatures vanquished.

Notes
Turn   | Place    | Note
-------+----------+-------------------------------------------
     0 | D:1      | dickylongcocking the Octopode Transmuter began the quest
                  | for the Orb.
     0 | D:1      | Reached XP level 1. HP: 13/13 MP: 3/3
   131 | D:1      | Slain by a kobold

Illustrated notes

Levels and vault maps discovered:
D:1:      nzn_arrival_crosshair, layout_basic, st_stairs_5

Action                   || total
-------------------------++-------
Melee: Unarmed           ||    11
       Constrict         ||     6
       Tentacles         ||     4
       Punch             ||     1
 Cast: Beastly Appendage ||     1
 Stab: Sleeping          ||     1
Dodge: Dodged            ||     7

Table legend: (Time is in decaauts)
 A = Elapsed time spent in this place.
 B = Non-inter-level travel time spent in this place.
 C = Inter-level travel time spent in this place.
 D = Time resting spent in this place.
 E = Time spent auto-exploring this place.
 F = Levels seen in this place.
 G = Mean time per level.
                   A        B        C        D        E       F      G
               +--------+--------+--------+--------+--------+-----+--------+
         Total |    130 |    130 |      0 |      0 |     98 |   1 |  130.0 |
       Dungeon |    130 |    130 |      0 |      0 |     98 |   1 |  130.0 |
               +--------+--------+--------+--------+--------+-----+--------+

Top non-repeatable levels by time:
     D:1: 130 daAuts
